cohdb
Replays
Latest Replays
All Replays
Popular Replays
Top Player Replays
Match Explorer
How It Works
Community
CoH3 Stats
Reddit
Sign in to upload your games and track your stats! →
Sign in with Steam
Match 40490356
Unlisted
Match 40490356
Overview
Messages
Build Orders
End
Construct Infanterie Kompanie
Selects Breakthrough Battlegroup
Selects Assault Grenadiers
Grenadier Squad
MG 42 Machine Gun Team
Grenadier Squad
Grenadier Squad
Construct Panzergrenadier Kompanie
Medical Station
Panzergrenadier Squad
Pak 40 Anti-tank Gun Team
Support Elements
Nebelwerfer 42 Rocket Launcher Team
Selects Smoke Bombing Run
Selects Incendiary Bombing Run
Construct Panzer Kompanie
Incendiary Bombing Run
Stoßtruppen Squad
Incendiary Bombing Run
Smoke Bombing Run
SpajN
띠우닝
Gravey
Wittman
ILuvSilicon
본부중대장
0
0
Comments
sign in to comment!
No comments posted yet!